 Dungeon Crawl Stone Soup version 0.17-a0-854-g4a4ba72 (webtiles) character file.

737 FedoraBrony69 the Skirmisher (level 7, -1/100 HPs)
             Began as a Minotaur Berserker on Apr 28, 2015.
             Was an Elder of Trog.
             Slain by a fire elemental (8 damage)
             ... on level 5 of the Dungeon.
             The game lasted 00:08:58 (4081 turns).

FedoraBrony69 the Skirmisher (Minotaur Berserker)   Turns: 4081, Time: 00:08:58

Health: -1/100     AC:  9    Str: 28    XL:     7   Next: 46%
Magic:  0/6        EV: 15    Int:  4    God:    Trog [****..]
Gold:   141        SH:  0    Dex: 10    Spells: 0 memorised, 6 levels left

rFire  . . .     SeeInvis +     J - +0 whip (venom)
rCold  . . .     Clarity  .     E - +0 chain mail
rNeg   . . .     SustAb   .     (no shield)
rPois  .         Gourm    .     (helmet restricted)
rElec  .         Spirit   +     (no cloak)
rCorr  .         Warding  .     C - +0 pair of gloves (curse)
rMut   .         Stasis   .     (no boots)
MR     .....                    o - amulet of guardian spirit
Stlth  ..........               u - ring of see invisible
                                h - +6 ring of evasion

@: berserking, very quick, not resistant to hostile enchantments, extremely
unstealthy
A: retaliatory headbutt, horns 2
a: Burn Spellbooks, Berserk, Trog's Hand, Brothers in Arms, Renounce Religion


You were on level 5 of the Dungeon.
You worshipped Trog.
Trog was greatly pleased with you.
You were not hungry.

You visited 1 branch of the dungeon, and saw 5 of its levels.

You collected 245 gold pieces.
You spent 104 gold pieces at shops.

Inventory:

Hand weapons
 a - a +0 mace
 F - the +7 trident of Makhleb's Favour {drain, Str-3 Int+7}
   (You found it on level 4 of the Dungeon)

   A truly terrible weapon, it drains the life of those it strikes.
   It affects your strength (-3).
   It affects your intelligence (+7).
 J - a +0 whip of venom (weapon)
Armour
 b - a +0 animal skin
 C - a cursed +0 pair of gloves (worn)
 E - a +0 chain mail (worn)
Jewellery
 h - a +6 ring of evasion (left hand)
 j - an uncursed ring of sustain abilities
 o - an amulet of guardian spirit (around neck)
 q - an uncursed ring of positive energy
 u - a ring of see invisible (right hand)
 I - an uncursed amulet of warding {unknown}
Magical devices
 p - a wand of random effects (29)
 w - a wand of digging (8)
Scrolls
 d - a scroll of fog {unknown}
 f - a scroll of teleportation {unknown}
 k - 3 scrolls of magic mapping {unknown}
 l - 2 scrolls of remove curse {unknown}
 r - 6 scrolls of identify
 t - a scroll of recharging {unknown}
 y - a scroll of enchant weapon {unknown}
 z - a scroll of random uselessness
 B - a scroll of fear
 G - a scroll of immolation {unknown}
 K - a scroll of amnesia {unknown}
Potions
 e - 2 potions of curing {unknown}
 g - a potion of heal wounds {unknown}
 i - a potion of resistance {unknown}
 m - 2 potions of mutation {unknown}
 v - 3 potions of brilliance {unknown}
 A - a potion of lignification
 D - 2 potions of berserk rage {unknown}
Comestibles
 c - 4 bread rations
 n - 2 meat rations
 s - 2 royal jellies
 x - 2 fruits
 H - a chunk of flesh


   Skills:
 + Level 7.9 Fighting
 + Level 7.9 Maces & Flails
 - Level 2.4 Armour
 - Level 2.1 Dodging


You had 6 spell levels left.
You didn't know any spells.

Dungeon Overview and Level Annotations

Branches:
Dungeon (5/15)             Temple (0/1) D:5

Altars:
Elyvilon
Kikubaaqudgha
Makhleb
Okawaru
Qazlal

Shops:
D:4 *


Innate Abilities, Weirdness & Mutations

You reflexively headbutt those who attack you in melee.
You have a pair of horns on your head.


Message History

* * * LOW HITPOINT WARNING * * *
You whack the fire elemental!
The fire elemental is moderately damaged.
You whack the fire elemental! You headbutt the fire elemental.
The fire elemental is severely damaged.
The fire elemental hits you. The fire elemental burns you!
* * * LOW HITPOINT WARNING * * *
Your unstable footing causes you to fumble your attack.
You hit the fire elemental.
Your headbutt misses the fire elemental.
The fire elemental is severely damaged.
The fire elemental misses you.
You hit the fire elemental.
The fire elemental is almost destroyed.
The fire elemental barely misses you.
You closely miss the fire elemental.
The fire elemental is almost destroyed.
Your unstable footing causes you to fumble your attack.
The fire elemental hits you. The fire elemental burns you!
You die...

######### ###.......## #####
.......#..### ###.... .
#...........########......
.#######.......8.8...............
.............###≈###.............
.............##≈## #.............
.........#...###@# #.......#.....
.........#...##E## #....._.#...##
.........##.###... #.......#...#
.........##.###_._##.......#...#
.........##..##...##.......#...#
.#......####.#######..######...#
####.##.## #.###### . #.....
.....#...# #......# #.####
#######.## #......# #. ###


You could see a fire elemental.

Vanquished Creatures
  2 ogres (D:5)
  A phantom (D:5)
  A crimson imp (D:5)
  A gnoll shaman (D:4)
  2 hounds
  An iguana (D:4)
  Jessica (D:2)
  A giant frog skeleton (D:4)
  2 orc wizards (D:4)
  6 gnolls (D:4)
  8 adders
  An ooze (D:3)
  2 worms (D:2)
  8 orcs
  7 bats
  4 bat skeletons (D:4)
  A bat zombie (D:5)
  3 giant cockroaches
  11 goblins
  10 hobgoblins
  7 jackals
  3 quokkas
  A ball python (D:1)
  2 giant geckos (D:4)
  A giant gecko skeleton (D:4)
  4 giant newts
  16 kobolds
  14 rats
121 creatures vanquished.

Notes
Turn   | Place    | Note
--------------------------------------------------------------
     0 | D:1      | FedoraBrony69, the Minotaur Berserker, began the quest for the Orb.
     0 | D:1      | Reached XP level 1. HP: 19/19 MP: 0/0
    68 | D:1      | Reached skill level 4 in Maces & Flails
    86 | D:1      | Reached XP level 2. HP: 13/27 MP: 1/1
   424 | D:1      | Acquired Trog's second power
   621 | D:1      | Reached XP level 3. HP: 34/34 MP: 2/2
   918 | D:2      | Noticed Jessica
   926 | D:2      | Killed Jessica
  1043 | D:2      | Reached XP level 4. HP: 41/41 MP: 3/3
  1054 | D:2      | Reached skill level 5 in Fighting
  1054 | D:2      | Reached skill level 5 in Maces & Flails
  1253 | D:2      | Found an iron altar of Okawaru.
  1653 | D:3      | Reached XP level 5. HP: 41/48 MP: 4/4
  2267 | D:4      | Reached skill level 6 in Fighting
  2272 | D:4      | Reached XP level 6. HP: 57/57 MP: 2/5
  2561 | D:4      | Found a white marble altar of Elyvilon.
  2734 | D:4      | Found Suonur's General Store.
  2745 | D:4      | Bought a scroll of identify for 22 gold pieces
  2745 | D:4      | Bought a scroll of random uselessness for 11 gold pieces
  2745 | D:4      | Bought a potion of lignification for 33 gold pieces
  2745 | D:4      | Bought a scroll of fear for 38 gold pieces
  3000 | D:4      | Got a crystal trident
  3001 | D:4      | Identified the +7 trident of Makhleb's Favour {drain, Str-3 Int+7} (You found it on level 4 of the Dungeon)
  3025 | D:4      | Acquired Trog's third power
  3796 | D:5      | Entered Level 5 of the Dungeon
  3814 | D:5      | Reached skill level 7 in Fighting
  3818 | D:5      | Reached XP level 7. HP: 40/66 MP: 4/6
  3966 | D:5      | Found a staircase to the Ecumenical Temple.
  4039 | D:5      | Found an ancient bone altar of Kikubaaqudgha.
  4061 | D:5      | Found a stormy altar of Qazlal.
  4067 | D:5      | Found a burning altar of Makhleb.
  4067 | D:5      | Noticed a fire elemental
  4081 | D:5      | Slain by a fire elemental

Action                   |  1- 3 |  4- 6 |  7- 9 || total
-------------------------+-------+-------+-------++-------
Melee: Mace              |    67 |   113 |       ||   180
       Trident           |       |    24 |    18 ||    42
       Whip              |       |       |    31 ||    31
Invok: Berserk           |     2 |     3 |     1 ||     6
 Stab: Sleeping          |       |     1 |       ||     1
  Eat: Chunk             |     2 |    10 |     2 ||    14
       Beef jerky        |       |     1 |       ||     1
